 Dungeon Crawl Stone Soup version 0.29-a0-231-g945431f764 (webtiles) character file.

Game seed: 7928519122390539997

957 HotDog the Cudgeller (level 8, 0/49 HPs)
             Began as a Gargoyle Fighter on Mar 1, 2022.
             Slain by an ogre
             ... wielding a +0 giant spiked club
              (15 damage)
             ... on level 5 of the Dungeon.
             The game lasted 00:06:52 (5670 turns).

HotDog the Cudgeller (Gargoyle Fighter)             Turns: 5670, Time: 00:06:53

Health: 0/49       AC: 17    Str: 21    XL:     8   Next: 14%
Magic:  17/17      EV:  8    Int: 10    God:
Gold:   163        SH:  4    Dex:  9    Spells: 7/7 levels left

rFire   . . .      SeeInvis .   a - +0 flail (venom)
rCold   . . .      Faith    .   c - +0 buckler
rNeg    + . .      Spirit   .   l - +1 chain mail
rPois   ∞          Reflect  .   (no helmet)
rElec   +          Harm     .   (no cloak)
rCorr   .          Rampage  .   (no gloves)
Will    .....                   x - +0 pair of boots
Stlth   ..........              (no amulet)
HPRegen 0.16/turn               h - ring of magical power
MPRegen 0.15/turn               m - ring of flight

@: flying
A: sickness immunity, AC +5, negative energy resistance 1, electricity
resistance, torment resistance 1, petrification resistance
a: no special abilities


You were on level 5 of the Dungeon.
You visited 1 branch of the dungeon, and saw 5 of its levels.

You collected 163 gold pieces.

Inventory:

Hand Weapons
 a - a +0 flail of venom (weapon)
Armour
 c - a +0 buckler (worn)
 l - a +1 chain mail (worn)
 x - a +0 pair of boots (worn)
Jewellery
 e - an amulet of faith
 h - a ring of magical power (left hand)
 m - a ring of flight (right hand)
Wands
 v - a wand of polymorph (8)
Scrolls
 b - a scroll of blinking
 g - a scroll of brand weapon
 j - 3 scrolls of teleportation
 k - a scroll of fear {unknown}
 n - a scroll of enchant armour
 p - a scroll of noise
 q - a scroll of silence {unknown}
 r - a scroll of fog {unknown}
 t - a scroll of magic mapping {unknown}
 u - a scroll of enchant weapon {unknown}
Potions
 d - a potion of degeneration {unknown}
 f - 2 potions of attraction
 i - 2 potions of resistance {unknown}
 o - 2 potions of curing
 s - a potion of brilliance
 w - a potion of ambrosia {unknown}


   Skills:
 * Level 5.0 Fighting
 * Level 6.0 Maces & Flails
 * Level 5.8 Armour
 * Level 2.2 Dodging
 * Level 4.7 Shields


You had 7 spell levels left.
You didn't know any spells.
Your spell library contained the following spells:

 Spells                   Type           Power      Damage    Failure   Level
 Animate Skeleton         Necr           0%         N/A       99%         1
 Pain                     Necr           0%         1d4       99%         1
 Ignite Poison            Fire/Tmut/Pois 0%         N/A       100%        3
 Mephitic Cloud           Conj/Pois/Air  0%         N/A       100%        3
 Ozocubu's Armour         Ice            0%         N/A       100%        3
 Vampiric Draining        Necr           0%         2d6       100%        3
 Freezing Cloud           Conj/Ice/Air   0%         6-21      100%        5
 Ozocubu's Refrigeration  Ice            0%         4d5       100%        7


Dungeon Overview and Level Annotations

Branches:
Dungeon (5/15)
 Temple: D:4-7

Altars:
Qazlal
Uskayaw

Shops:
D:3 *   D:5 [

Annotations:
D:4 2 runed translucent doors, Grinder


Innate Abilities, Weirdness & Mutations

You are immune to sickness and miasma.
Your stone body is resilient. (AC +5)
You are immune to poison.
You resist negative energy. (rN+)
You are resistant to electric shocks. (rElec)
You are resistant to unholy torment.
You are immune to petrification.


Message History

You kill the quokka!
The quokka barely misses you.
You sock the quokka!
You kill the quokka!
You barely miss the orc wizard.
The orc wizard gestures at you while chanting.
The magic dart hits you.
You sock the orc wizard!
The orc wizard looks as sick as possible!
The orc wizard is severely wounded.
You kill the orc wizard!
Your Maces & Flails skill increases to level 6!
You are too injured to fight recklessly!
You hit the river rat.
The river rat is heavily wounded.
The river rat barely misses you. x2
You barely miss the river rat.
The river rat is heavily wounded.
The river rat barely misses you.
You closely miss the river rat.
The river rat is heavily wounded.
You block the river rat's attack.
You hit the river rat.
The river rat is poisoned.
The river rat is severely wounded.
The river rat bites you but does no damage.
You hit the river rat but do no damage.
The river rat looks as sick as possible!
The river rat is severely wounded.
You block the river rat's attack.
You sock the river rat!
You kill the river rat!
Your Fighting skill increases to level 5!
You closely miss the quokka. The quokka bites you.
* * * LOW HITPOINT WARNING * * *
You sock the quokka!
You kill the quokka!
You barely miss the ogre.
An orc priest comes into view. It is wielding a +0 club.
The ogre hits you with a +0 giant spiked club!
You die...

###.# # #.# #
#.########## #
#.#........# #
#.#8..####.#
###.#.#..# #.#
##.8<∩.8.# #.#
##..#.#.## #.#####
## ##.#8#.#
#..##@## ##r
....#.#
#....#O###)##.##..
#.###(#.##
#.###.#.##.†ro..#
.. #..#.###.#
##.#.o###...#
..###........#
###### #.# ......#
# ####
.##.#.#########
.##.#.........#
.##.####.....#


You could see an ogre and an orc priest (wandering).

Vanquished Creatures
  Sigmund (D:4)
  A water moccasin (D:5)
  A black bear (D:4)
  An ogre (D:5)
  2 phantoms (D:4)
  3 orc priests
  Jessica (D:3)
  2 orc wizards (D:5)
  7 adders
  2 river rats (D:5)
  A white imp (D:5)
  3 ufetubi (D:5)
  A worm (D:2)
  4 dart slugs
  5 orcs
  9 ball pythons
  7 bats
  4 endoplasms
  4 giant cockroaches
  4 hobgoblins
  10 jackals
  5 quokkas
  3 frilled lizards
  8 goblins
  6 kobolds
  9 rats
104 creatures vanquished.

Notes
Turn   | Place    | Note
-------+----------+-------------------------------------------
     0 | D:1      | HotDog the Gargoyle Fighter began the quest for the Orb.
     0 | D:1      | Reached XP level 1. HP: 14/14 MP: 1/1
   131 | D:1      | Reached XP level 2. HP: 19/19 MP: 1/2
  1226 | D:2      | Reached XP level 3. HP: 23/23 MP: 3/3
  1626 | D:2      | Found a faded altar of an unknown god.
  1665 | D:2      | Reached XP level 4. HP: 23/29 MP: 4/4
  2216 | D:3      | Reached skill level 3 in Maces & Flails
  2841 | D:3      | Found Xulidum's General Store.
  2894 | D:3      | Noticed Jessica
  2900 | D:3      | Killed Jessica
  3260 | D:4      | Reached XP level 5. HP: 33/33 MP: 5/5
  3324 | D:4      | Reached skill level 1 in Dodging
  3534 | D:4      | Noticed a phantom
  3549 | D:4      | Found a large runed translucent door.
  3549 | D:4      | Found a large runed translucent door.
  3553 | D:4      | Killed a phantom
  3554 | D:4      | Reached skill level 4 in Maces & Flails
  3554 | D:4      | Reached XP level 6. HP: 10/38 MP: 6/6
  3812 | D:4      | Noticed Sigmund
  3825 | D:4      | Killed Sigmund
  4316 | D:4      | Reached skill level 5 in Armour
  4316 | D:4      | Reached XP level 7. HP: 28/44 MP: 7/7
  4528 | D:4      | Reached skill level 5 in Maces & Flails
  4634 | D:4      | Noticed Grinder
  4638 | D:5      | Entered Level 5 of the Dungeon
  5163 | D:5      | Reached XP level 8. HP: 46/48 MP: 8/8
  5462 | D:5      | Found Xiyssel's Antique Armour Boutique.
  5543 | D:5      | Found a hide-covered altar of Uskayaw.
  5543 | D:5      | Found a stormy altar of Qazlal.
  5662 | D:5      | Reached skill level 6 in Maces & Flails
  5668 | D:5      | Reached skill level 5 in Fighting
  5670 | D:5      | Slain by an ogre

Illustrated notes

Levels and vault maps discovered:
D:1:      dpeg_arrival_rooms_c, layout_loops_ring
D:2:      layout_basic, hellmonk_ecumenical_altar_dog_temple
D:3:      layout_rooms, serial_shops, shop, serial_corexii_hall,
          chequers_hall_statues_corner_a, corexii_hall_statues_t, uniq_jessica
D:4:      layout_cave_pods, jmf_multi_god_temple2, saegor_snake_ambush,
          uniq_sigmund, uniq_grinder
D:5:      lemuel_ratsnest, layout_loops_ring, amethyst_overflow_temple_binary,
          serial_shops, nicolae_shop_statue_plus

Skill      XL: |  1  2  3  4  5  6  7  8 |
---------------+-------------------------+-----
Maces & Flails | 3 4 5 6 |  6.0
Armour         | 4 5 |  5.8
Dodging        | 1 2 |  2.2
Fighting       | 4 5 |  5.0
Shields        | 4 |  4.7

Action                   |  1- 3 |  4- 6 |  7- 9 || total
-------------------------+-------+-------+-------++-------
Melee: Flail             |   126 |   158 |   113 ||   397
  Use: Scroll            |     1 |       |     5 ||     6
       Potion            |       |     1 |     2 ||     3
Armor: Scale mail        |    57 |       |       ||    57
       Chain mail        |    32 |   132 |    71 ||   235
Dodge: Dodged            |    77 |    70 |    43 ||   190
Block: Buckler           |    37 |    45 |    26 ||   108

Table legend: (Time is in decaauts)
 A = Elapsed time spent in this place.
 B = Non-inter-level travel time spent in this place.
 C = Inter-level travel time spent in this place.
 D = Time resting spent in this place.
 E = Time spent auto-exploring this place.
 F = Levels seen in this place.
 G = Mean time per level.
                   A        B        C        D        E       F      G
               +--------+--------+--------+--------+--------+-----+--------+
         Total |   5769 |   5517 |    252 |    732 |   3910 |   5 | 1153.8 |
       Dungeon |   5769 |   5517 |    252 |    732 |   3910 |   5 | 1153.8 |
               +--------+--------+--------+--------+--------+-----+--------+

Top non-repeatable levels by time:
     D:4: 1583 daAuts
     D:1: 1190 daAuts
     D:5: 1044 daAuts
     D:3: 1014 daAuts
     D:2: 937 daAuts
